 Dungeon Crawl Stone Soup version 0.19.3-4-gbf9329e (console) character file.

471 Kloppie the Shield-Bearer (level 7, -1/52 HPs)
             Began as a Formicid Fighter on Jan 26, 2017.
             Killed from afar by Duvessa (3 damage)
             ... with a wand of flame
             ... on level 4 of the Dungeon.
             The game lasted 00:05:30 (2345 turns).

Kloppie the Shield-Bearer (Formicid Fighter)        Turns: 2345, Time: 00:05:31

Health: -1/52      AC: 11    Str: 24 (25) XL:     7   Next: 31%
Magic:  7/7        EV:  7    Int:  6 (8)  God:
Gold:   8          SH: 11    Dex: 11 (12) Spells: 0 memorised, 6 levels left

rFire  . . .     SeeInvis +     a - +0 war axe
rCold  . . .     Gourm    .     j - +0 chain mail
rNeg   . . .     Faith    .     c - +0 shield
rPois  .         Spirit   .     (helmet unavailable)
rElec  .         Reflect  .     (no cloak)
rCorr  .         Harm     .     (no gloves)
MR     .....                    k - +1 pair of boots
Stlth  ..........               (no amulet)
                                (no ring)
                                i - ring of stealth

@: mighty, lethally poisoned (-1 -> -17)
A: permanent stasis, dig shafts and tunnels, four strong arms, antennae 3
a: Dig, Shaft Self


You were on level 4 of the Dungeon.
You were not hungry.

You visited 1 branch of the dungeon, and saw 4 of its levels.

You collected 219 gold pieces.
You spent 211 gold pieces at shops.

Inventory:

Hand Weapons
 a - a +0 war axe (weapon)
Armour
 c - a +0 shield (worn)
 j - a +0 chain mail (worn)
 k - a +1 pair of boots (worn)
Jewellery
 i - a ring of stealth (left hand)
Wands
 r - a wand of disintegration (14/24)
Scrolls
 h - a scroll of noise
 n - 2 scrolls of identify
 t - a scroll of remove curse
Potions
 d - a potion of might
 o - a potion of flight
Comestibles
 f - 2 bread rations
 p - a meat ration


   Skills:
 - Level 3.2 Fighting
 + Level 4.5 Axes
 - Level 3.2 Armour
 * Level 7.9 Shields


You had 6 spell levels left.
You didn't know any spells.

Dungeon Overview and Level Annotations

Branches:
Dungeon (4/15)
 Temple: D:4-7

Altars:

Shops:
D:4 ?**:

Annotations:
D:4 Dowan, Duvessa


Innate Abilities, Weirdness & Mutations

You are under a permanent stasis effect.
You can dig through walls and to a lower floor.
Your four strong arms can wield two-handed weapons with a shield.
You have a pair of large antennae on your head. (SInv)


Message History

There was something very wrong with that liquid.
You feel weakened.
You feel dopey.
You feel clumsy.
* * * LOW HITPOINT WARNING * * *
You feel sick. You block Duvessa's attack.
You barely miss Duvessa.
Duvessa is almost dead.
* * * LOW HITPOINT WARNING * * *
You feel very sick. Duvessa barely misses you. You block Duvessa's attack.
Okay, then.
Okay, then.
Your chain mail prevents you from hitting Duvessa.
Duvessa is almost dead.
* * * LOW HITPOINT WARNING * * *
You feel sick. Duvessa barely misses you.
Your shield and chain mail prevent you from hitting Duvessa.
Duvessa is almost dead.
* * * LOW HITPOINT WARNING * * *
You feel sick.
Duvessa zaps a wand.
The puff of flame hits you!
You die...

##...##
#.......###.......#
##.##
#..#....##.....#### #.#
####...........### #.#
#..#.∩.##.##.#.# #.#
#.##....#.##.#.# #.#
#.##.#....##.#.# #.#
#.#####.####.#.#
#.####.# #.......#.#
####.....<# #.@!......#
#.......### ##e#########
#.#####.# #...#
##.#####.# #...#
......##.# #...#
.....∩...# #..{#
.#.###...### #...#######
.#.........# #.........#
.####...##.###...#####.#


You could see Duvessa.

Vanquished Creatures
  An ogre (D:4)
  A phantom (D:4)
  2 howler monkeys (D:4)
  Natasha (twice) (D:3)
  2 iguanas
  Robin (D:4)
  2 adders
  An ooze (D:4)
  4 dart slugs
  2 orcs
  2 ball pythons
  2 giant cockroaches (D:3)
  17 goblins
  9 hobgoblins
  3 jackals
  9 kobolds
  2 quokkas (D:2)
  8 bats
  7 frilled lizards
  A jackal skeleton (D:4)
  7 rats
85 creatures vanquished.

Notes
Turn   | Place    | Note
-------+----------+-------------------------------------------
     0 | D:1      | Kloppie the Formicid Fighter began the quest for the Orb.
     0 | D:1      | Reached XP level 1. HP: 18/18 MP: 1/1
     3 | D:1      | Noticed an electric eel
     3 | D:1      | Noticed an electric eel
   124 | D:1      | Reached skill level 4 in Shields
   124 | D:1      | Reached XP level 2. HP: 19/24 MP: 2/2
   230 | D:1      | Reached XP level 3. HP: 22/29 MP: 3/3
   732 | D:2      | Reached skill level 5 in Shields
   750 | D:2      | Reached XP level 4. HP: 35/35 MP: 4/4
  1100 | D:3      | Noticed Natasha
  1106 | D:3      | Killed Natasha
  1209 | D:3      | Reached XP level 5. HP: 18/41 MP: 5/5
  1669 | D:3      | Noticed Natasha
  1676 | D:3      | Killed Natasha
  1676 | D:3      | Reached skill level 6 in Shields
  1971 | D:4      | Noticed Robin
  1981 | D:4      | Noticed a phantom
  1993 | D:4      | Killed Robin
  2020 | D:4      | Killed a phantom
  2020 | D:4      | Reached XP level 6. HP: 36/47 MP: 6/6
  2042 | D:4      | Found Biteomn's General Store.
  2050 | D:4      | Bought a scroll of remove curse for 33 gold pieces
  2060 | D:4      | Noticed an ogre
  2066 | D:4      | Killed an ogre
  2066 | D:4      | Reached skill level 7 in Shields
  2092 | D:4      | Reached XP level 7. HP: 43/52 MP: 7/7
  2146 | D:4      | Found Miodapren's Magic Scroll Shoppe.
  2156 | D:4      | Bought a scroll of recharging for 123 gold pieces
  2210 | D:4      | Found Xiaqeosi's Assorted Antiques.
  2227 | D:4      | Bought a scroll labeled BOV MESCHUSTITO for 29 gold pieces
  2227 | D:4      | Bought a cyan potion for 26 gold pieces
  2236 | D:4      | Found Ibbucady's Book Shop.
  2319 | D:4      | Noticed Duvessa
  2330 | D:4      | Noticed Dowan
  2345 | D:4      | HP: 2/52 [poisoned by Duvessa]
  2345 | D:4      | Killed from afar by Duvessa

Skill      XL: |  1  2  3  4  5  6 |
---------------+-------------------+-----
Shields        | 4 5 6 7 |  7.9
Axes           | 3 4 |  4.5
Fighting       | |  3.2
Armour         | |  3.2

Action                   |  1- 3 |  4- 6 |  7- 9 || total
-------------------------+-------+-------+-------++-------
Melee: War axe           |    70 |   150 |    39 ||   259
Evoke: Wand              |       |     1 |       ||     1
  Use: Scroll            |       |     2 |     4 ||     6
       Potion            |       |       |     8 ||     8
  Eat: Chunk             |       |     4 |     1 ||     5
Armor: Scale mail        |    12 |       |       ||    12
       Chain mail        |    25 |    75 |    14 ||   114
Dodge: Dodged            |    15 |    39 |    10 ||    64
Block: Shield            |    42 |    79 |    21 ||   142
